Workbook

Sheet Cost-Overview
B3: RESEARCH SÜDTIROL / ALTO ADIGE 2024
B4: Total project cost and cost overview of project partners
B6: COST CATEGORY | C6: LEAD-PARTNER requested funds | E6: PARTNER A requested funds | G6: PARTNER B requested funds | I6: PARTNER C requested funds | K6: TOTAL PROJECT requested funds
B8: HUMAN RESOURCES | C8: ='Lead-Partner'!L16 -> 0 | E8: =' Partner A'!L16 -> 0 | G8: ='Partner B '!L16 -> 0 | I8: ='Partner C'!L16 -> 0 | K8: =C8+E8+G8+I8 -> 0
B9: EQUIPMENT & MATERIAL | C9: ='Lead-Partner'!N28+'Lead-Partner'!L44 -> 0 | E9: =' Partner A'!N28+' Partner A'!L44 -> 0 | G9: ='Partner B '!N28+'Partner B '!L44 -> 0 | I9: ='Partner C'!N28+'Partner C'!L44 -> 0 | K9: =C9+E9+G9+I9 -> 0
B10: TRAVEL COSTS | C10: ='Lead-Partner'!L56 -> 0 | E10: =' Partner A'!L56 -> 0 | G10: ='Partner B '!L56 -> 0 | I10: ='Partner C'!L56 -> 0 | K10: =C10+E10+G10+I10 -> 0
B11: COSTS FOR RENTING PREMISES | C11: ='Lead-Partner'!L63 -> 0 | E11: =' Partner A'!L63 -> 0 | G11: ='Partner B '!L63 -> 0 | I11: ='Partner C'!L63 -> 0 | K11: =C11+E11+G11+I11 -> 0
B12: GENERAL COSTS | C12: ='Lead-Partner'!L70 -> 0 | E12: =' Partner A'!L70 -> 0 | G12: ='Partner B '!L70 -> 0 | I12: ='Partner C'!L70 -> 0 | K12: =C12+E12+G12+I12 -> 0
B13: max. 10% | C13: =C12/C18*100 -> #DIV/0! | E13: =E12/E18*100 -> #DIV/0! | G13: =G12/G18*100 -> #DIV/0! | I13: =I12/I18*100 -> #DIV/0!
B14: EXTERNAL COSTS | C14: ='Lead-Partner'!L82 -> 0 | E14: =' Partner A'!L82 -> 0 | G14: ='Partner B '!L82 -> 0 | I14: ='Partner C'!L82 -> 0 | K14: =C14+E14+G14+I14 -> 0
B15: max. 30% | C15: =C14/C18*100 -> #DIV/0! | E15: =E14/E18*100 -> #DIV/0! | G15: =G14/G18*100 -> #DIV/0! | I15: =I14/I18*100 -> #DIV/0!
B18: SUM | C18: =C8+C9+C10+C11+C12+C14 -> 0 | E18: =E8+E9+E10+E11+E12+E14 -> 0 | G18: =G8+G9+G10+G11+G12+G14 -> 0 | I18: =I8+I9+I10+I11+I12+I14 -> 0 | K18: =K8+K9+K10+K11+K12+K14 -> 0
B19: % | C19: =(C18*100) / K18 -> #DIV/0! | E19: =(E18*100) / K18 -> #DIV/0! | G19: =(G18*100) / K18 -> #DIV/0! | I19: =(I18*100) / K18 -> #DIV/0! | K19: 1

Sheet Lead-Partner
A1: Name of research institution
B3: Human resources | C3: Item | D3: Name project collaborator | E3: Role in the project | F3: % | G3: 1st year | H3: % | I3: 2nd year | J3: % | K3: 3rd year | L3: Sum | M3: Funded by
B4: Please indicate all members of the research team. Team members who are paid directly by the research organisation, such as institute directors, are budgeted at 0.00 euros. | C4: 1 | L4: =SUM(G4+I4+K4) -> 0
C5: 2 | L5: =SUM(G5+I5+K5) -> 0
C6: 3 | L6: =SUM(G6+I6+K6) -> 0
C7: 4 | L7: =SUM(G7+I7+K7) -> 0
C8: 5 | L8: =SUM(G8+I8+K8) -> 0
C9: 6 | L9: =SUM(G9+I9+K9) -> 0
C10: 7 | L10: =SUM(G10+I10+K10) -> 0
C11: 8 | L11: =SUM(G11+I11+K11) -> 0
C12: 9 | L12: =SUM(G12+I12+K12) -> 0
C13: 10 | L13: =SUM(G13+I13+K13) -> 0
C14: 11 | L14: =SUM(G14+I14+K14) -> 0
C15: 12 | L15: =SUM(G15+I15+K15) -> 0
C16: SUBTOTAL HUMAN RESOURCES | G16: =SUM(G4:G15) -> 0 | I16: =SUM(I4:I15) -> 0 | K16: =SUM(K4:K15) -> 0 | L16: =SUM(L4:L15) -> 0
B19: Equipment | C19: Item | D19: Description | F19: Acquisition value (excl. VAT) | H19: Life cycle in months | I19: Months of utilization for the project | J19: Amortization/month | K19: 1st year | L19: 2nd year | M19: 3rd year | N19: Sum
B20: ≥ 1.500 Euro (excl. VAT) | C20: 1 | N20: =K20+L20+M20 -> 0
C21: 2 | N21: =K21+L21+M21 -> 0
C22: 3 | N22: =K22+L22+M22 -> 0
C23: 4 | N23: =K23+L23+M23 -> 0
C24: 5 | N24: =K24+L24+M24 -> 0
C25: 6 | N25: =K25+L25+M25 -> 0
C26: 7 | N26: =K26+L26+M26 -> 0
C27: 8 | N27: =K27+L27+M27 -> 0
C28: SUBTOTAL EQUIPMENT ≥ 1.500 Euro (excl. VAT) | K28: =SUM(K20:K27) -> 0 | L28: =SUM(L20:L27) -> 0 | M28: =SUM(M20:M27) -> 0 | N28: =SUM(N20:N27) -> 0
B31: Equipment / Material | C31: Item | D31: Description | G31: 1st year | I31: 2nd year | K31: 3rd year | L31: Sum
B32: < 1.500 Euro (excl. VAT) | C32: 1 | L32: =SUM(G32+I32+K32) -> 0
C33: 2 | L33: =SUM(G33+I33+K33) -> 0
C34: 3 | L34: =SUM(G34+I34+K34) -> 0
C35: 4 | L35: =SUM(G35+I35+K35) -> 0
C36: 5 | L36: =SUM(G36+I36+K36) -> 0
C37: 6 | L37: =SUM(G37+I37+K37) -> 0
C38: 7 | L38: =SUM(G38+I38+K38) -> 0
C39: 8 | L39: =SUM(G39+I39+K39) -> 0
C40: 9 | L40: =SUM(G40+I40+K40) -> 0
C41: 10 | L41: =SUM(G41+I41+K41) -> 0
C42: 11 | L42: =SUM(G42+I42+K42) -> 0
C43: 12 | L43: =SUM(G43+I43+K43) -> 0
C44: SUBTOTAL EQUIPMENT / MATERIAL <1.500 Euro (excl. VAT) | G44: =SUM(G32:H43) -> 0 | I44: =SUM(I32:J43) -> 0 | K44: =SUM(K32:K43) -> 0 | L44: =SUM(L32:L43) -> 0
B47: Travel costs | C47: Item | D47: Description | G47: 1st year | I47: 2nd year | K47: 3rd year | L47: Sum
C48: 1 | L48: =SUM(G48+I48+K48) -> 0
C49: 2 | L49: =SUM(G49+I49+K49) -> 0
C50: 3 | L50: =SUM(G50+I50+K50) -> 0
C51: 4 | L51: =SUM(G51+I51+K51) -> 0
C52: 5 | L52: =SUM(G52+I52+K52) -> 0
C53: 6 | L53: =SUM(G53+I53+K53) -> 0
C54: 7 | L54: =SUM(G54+I54+K54) -> 0
C55: 8 | L55: =SUM(G55+I55+K55) -> 0
C56: SUBTOTAL TRAVEL COSTS | G56: =SUM(G48:H55) -> 0 | I56: =SUM(I48:J55) -> 0 | K56: =SUM(K48:K55) -> 0 | L56: =G56+I56+K56 -> 0
B59: Costs for renting premises an their operating cots | C59: Item | D59: Description | G59: 1st year | I59: 2nd year | K59: 3rd year | L59: Sum
C60: 1 | L60: =SUM(G60+I60+K60) -> 0
C61: 2 | L61: =SUM(G61+I61+K61) -> 0
C62: 3 | L62: =SUM(G62+I62+K62) -> 0
C63: SUBTOTAL COSTS FOR RENTING PREMISES | G63: =G60+G61+G62 -> 0 | I63: =I60+I61+I62 -> 0 | K63: =K60+K61+K62 -> 0 | L63: =G63+I63+K63 -> 0
B66: General costs | C66: Item | D66: Description | G66: 1st year | I66: 2nd year | K66: 3rd year | L66: Sum
B67: max. 10 % | C67: 1 | L67: =SUM(G67+I67+K67) -> 0
C68: 2 | L68: =SUM(G68+I68+K68) -> 0
C69: 3 | L69: =SUM(G69+I69+K69) -> 0
C70: SUBTOTAL GENERAL COSTS | G70: =G67+G68+G69 -> 0 | I70: =I67+I68+I69 -> 0 | K70: =K67+K68+K69 -> 0 | L70: =G70+I70+K70 -> 0
B73: External costs | C73: Item | D73: Description | G73: 1st year | I73: 2nd year | K73: 3rd year | L73: Sum
B74: max. 30 % | C74: 1 | L74: =SUM(G74+I74+K74) -> 0
C75: 2 | L75: =SUM(G75+I75+K75) -> 0
C76: 3 | L76: =SUM(G76+I76+K76) -> 0
C77: 4 | L77: =SUM(G77+I77+K77) -> 0
C78: 5 | L78: =SUM(G78+I78+K78) -> 0
C79: 6 | L79: =SUM(G79+I79+K79) -> 0
C80: 7 | L80: =SUM(G80+I80+K80) -> 0
C81: 8 | L81: =SUM(G81+I81+K81) -> 0
C82: SUBTOTAL EXTERNAL COSTS | G82: =SUM(G74:H81) -> 0 | I82: =SUM(I74:J81) -> 0 | K82: =SUM(K74:K81) -> 0 | L82: =G82+I82+K82 -> 0
G85: 1st year | I85: 2nd year | K85: 3rd year
G86: =G16+K28+G44+G56+G63+G70+G82 -> 0 | I86: =I16+L28+I44+I56+I63+I70+I82 -> 0 | K86: =K16+M28+K44+K56+K63+K70+K82 -> 0
F88: TOTAL | G88: =L16+N28+L44+L56+L63+L70+L82 -> 0

Sheet  Partner A
A1: Name of research institution
B3: Human resources | C3: Item | D3: Name project collaborator | E3: Role in the project | F3: % | G3: 1st year | H3: % | I3: 2nd year | J3: % | K3: 3rd year | L3: Sum | M3: Funded by
B4: Please indicate all members of the research team. Team members who are paid directly by the research organisation, such as institute directors, are budgeted at 0.00 euros. | C4: 1 | L4: =SUM(G4+I4+K4) -> 0
C5: 2 | L5: =SUM(G5+I5+K5) -> 0
C6: 3 | L6: =SUM(G6+I6+K6) -> 0
C7: 4 | L7: =SUM(G7+I7+K7) -> 0
C8: 5 | L8: =SUM(G8+I8+K8) -> 0
C9: 6 | L9: =SUM(G9+I9+K9) -> 0
C10: 7 | L10: =SUM(G10+I10+K10) -> 0
C11: 8 | L11: =SUM(G11+I11+K11) -> 0
C12: 9 | L12: =SUM(G12+I12+K12) -> 0
C13: 10 | L13: =SUM(G13+I13+K13) -> 0
C14: 11 | L14: =SUM(G14+I14+K14) -> 0
C15: 12 | L15: =SUM(G15+I15+K15) -> 0
C16: SUBTOTAL HUMAN RESOURCES | G16: =SUM(G4:G15) -> 0 | I16: =SUM(I4:I15) -> 0 | K16: =SUM(K4:K15) -> 0 | L16: =SUM(L4:L15) -> 0
B19: Equipment | C19: Item | D19: Description | F19: Acquisition value (excl. VAT) | H19: Life cycle in months | I19: Months of utilization for the project | J19: Amortization/month | K19: 1st year | L19: 2nd year | M19: 3rd year | N19: Sum
B20: ≥ 1.500 Euro (excl. VAT) | C20: 1 | N20: =K20+L20+M20 -> 0
C21: 2 | N21: =K21+L21+M21 -> 0
C22: 3 | N22: =K22+L22+M22 -> 0
C23: 4 | N23: =K23+L23+M23 -> 0
C24: 5 | N24: =K24+L24+M24 -> 0
C25: 6 | N25: =K25+L25+M25 -> 0
C26: 7 | N26: =K26+L26+M26 -> 0
C27: 8 | N27: =K27+L27+M27 -> 0
C28: SUBTOTAL EQUIPMENT ≥ 1.500 Euro (excl. VAT) | K28: =SUM(K20:K27) -> 0 | L28: =SUM(L20:L27) -> 0 | M28: =SUM(M20:M27) -> 0 | N28: =SUM(N20:N27) -> 0
B31: Equipment / Material | C31: Item | D31: Description | G31: 1st year | I31: 2nd year | K31: 3rd year | L31: Sum
B32: < 1.500 Euro (excl. VAT) | C32: 1 | L32: =SUM(G32+I32+K32) -> 0
C33: 2 | L33: =SUM(G33+I33+K33) -> 0
C34: 3 | L34: =SUM(G34+I34+K34) -> 0
C35: 4 | L35: =SUM(G35+I35+K35) -> 0
C36: 5 | L36: =SUM(G36+I36+K36) -> 0
C37: 6 | L37: =SUM(G37+I37+K37) -> 0
C38: 7 | L38: =SUM(G38+I38+K38) -> 0
C39: 8 | L39: =SUM(G39+I39+K39) -> 0
C40: 9 | L40: =SUM(G40+I40+K40) -> 0
C41: 10 | L41: =SUM(G41+I41+K41) -> 0
C42: 11 | L42: =SUM(G42+I42+K42) -> 0
C43: 12 | L43: =SUM(G43+I43+K43) -> 0
C44: SUBTOTAL EQUIPMENT / MATERIAL <1.500 Euro (excl. VAT) | G44: =SUM(G32:H43) -> 0 | I44: =SUM(I32:J43) -> 0 | K44: =SUM(K32:K43) -> 0 | L44: =SUM(L32:L43) -> 0
B47: Travel costs | C47: Item | D47: Description | G47: 1st year | I47: 2nd year | K47: 3rd year | L47: Sum
C48: 1 | L48: =SUM(G48+I48+K48) -> 0
C49: 2 | L49: =SUM(G49+I49+K49) -> 0
C50: 3 | L50: =SUM(G50+I50+K50) -> 0
C51: 4 | L51: =SUM(G51+I51+K51) -> 0
C52: 5 | L52: =SUM(G52+I52+K52) -> 0
C53: 6 | L53: =SUM(G53+I53+K53) -> 0
C54: 7 | L54: =SUM(G54+I54+K54) -> 0
C55: 8 | L55: =SUM(G55+I55+K55) -> 0
C56: SUBTOTAL TRAVEL COSTS | G56: =SUM(G48:H55) -> 0 | I56: =SUM(I48:J55) -> 0 | K56: =SUM(K48:K55) -> 0 | L56: =G56+I56+K56 -> 0
B59: Costs for renting premises an their operating cots | C59: Item | D59: Description | G59: 1st year | I59: 2nd year | K59: 3rd year | L59: Sum
C60: 1 | L60: =SUM(G60+I60+K60) -> 0
C61: 2 | L61: =SUM(G61+I61+K61) -> 0
C62: 3 | L62: =SUM(G62+I62+K62) -> 0
C63: SUBTOTAL COSTS FOR RENTING PREMISES | G63: =G60+G61+G62 -> 0 | I63: =I60+I61+I62 -> 0 | K63: =K60+K61+K62 -> 0 | L63: =G63+I63+K63 -> 0
B66: General costs | C66: Item | D66: Description | G66: 1st year | I66: 2nd year | K66: 3rd year | L66: Sum
B67: max. 10 % | C67: 1 | L67: =SUM(G67+I67+K67) -> 0
C68: 2 | L68: =SUM(G68+I68+K68) -> 0
C69: 3 | L69: =SUM(G69+I69+K69) -> 0
C70: SUBTOTAL GENERAL COSTS | G70: =G67+G68+G69 -> 0 | I70: =I67+I68+I69 -> 0 | K70: =K67+K68+K69 -> 0 | L70: =G70+I70+K70 -> 0
B73: External costs | C73: Item | D73: Description | G73: 1st year | I73: 2nd year | K73: 3rd year | L73: Sum
B74: max. 30 % | C74: 1 | L74: =SUM(G74+I74+K74) -> 0
C75: 2 | L75: =SUM(G75+I75+K75) -> 0
C76: 3 | L76: =SUM(G76+I76+K76) -> 0
C77: 4 | L77: =SUM(G77+I77+K77) -> 0
C78: 5 | L78: =SUM(G78+I78+K78) -> 0
C79: 6 | L79: =SUM(G79+I79+K79) -> 0
C80: 7 | L80: =SUM(G80+I80+K80) -> 0
C81: 8 | L81: =SUM(G81+I81+K81) -> 0
C82: SUBTOTAL EXTERNAL COSTS | G82: =SUM(G74:H81) -> 0 | I82: =SUM(I74:J81) -> 0 | K82: =SUM(K74:K81) -> 0 | L82: =G82+I82+K82 -> 0
G85: 1st year | I85: 2nd year | K85: 3rd year
G86: =G16+K28+G44+G56+G63+G70+G82 -> 0 | I86: =I16+L28+I44+I56+I63+I70+I82 -> 0 | K86: =K16+M28+K44+K56+K63+K70+K82 -> 0
F88: TOTAL | G88: =L16+N28+L44+L56+L63+L70+L82 -> 0

Sheet Partner B 
A1: Name of research institution
B3: Human resources | C3: Item | D3: Name project collaborator | E3: Role in the project | F3: % | G3: 1st year | H3: % | I3: 2nd year | J3: % | K3: 3rd year | L3: Sum | M3: Funded by
B4: Please indicate all members of the research team. Team members who are paid directly by the research organisation, such as institute directors, are budgeted at 0.00 euros. | C4: 1 | L4: =SUM(G4+I4+K4) -> 0
C5: 2 | L5: =SUM(G5+I5+K5) -> 0
C6: 3 | L6: =SUM(G6+I6+K6) -> 0
C7: 4 | L7: =SUM(G7+I7+K7) -> 0
C8: 5 | L8: =SUM(G8+I8+K8) -> 0
C9: 6 | L9: =SUM(G9+I9+K9) -> 0
C10: 7 | L10: =SUM(G10+I10+K10) -> 0
C11: 8 | L11: =SUM(G11+I11+K11) -> 0
C12: 9 | L12: =SUM(G12+I12+K12) -> 0
C13: 10 | L13: =SUM(G13+I13+K13) -> 0
C14: 11 | L14: =SUM(G14+I14+K14) -> 0
C15: 12 | L15: =SUM(G15+I15+K15) -> 0
C16: SUBTOTAL HUMAN RESOURCES | G16: =SUM(G4:G15) -> 0 | I16: =SUM(I4:I15) -> 0 | K16: =SUM(K4:K15) -> 0 | L16: =SUM(L4:L15) -> 0
B19: Equipment | C19: Item | D19: Description | F19: Acquisition value (excl. VAT) | H19: Life cycle in months | I19: Months of utilization for the project | J19: Amortization/month | K19: 1st year | L19: 2nd year | M19: 3rd year | N19: Sum
B20: ≥ 1.500 Euro (excl. VAT) | C20: 1 | N20: =K20+L20+M20 -> 0
C21: 2 | N21: =K21+L21+M21 -> 0
C22: 3 | N22: =K22+L22+M22 -> 0
C23: 4 | N23: =K23+L23+M23 -> 0
C24: 5 | N24: =K24+L24+M24 -> 0
C25: 6 | N25: =K25+L25+M25 -> 0
C26: 7 | N26: =K26+L26+M26 -> 0
C27: 8 | N27: =K27+L27+M27 -> 0
C28: SUBTOTAL EQUIPMENT ≥ 1.500 Euro (excl. VAT) | K28: =SUM(K20:K27) -> 0 | L28: =SUM(L20:L27) -> 0 | M28: =SUM(M20:M27) -> 0 | N28: =SUM(N20:N27) -> 0
B31: Equipment / Material | C31: Item | D31: Description | G31: 1st year | I31: 2nd year | K31: 3rd year | L31: Sum
B32: < 1.500 Euro (excl. VAT) | C32: 1 | L32: =SUM(G32+I32+K32) -> 0
C33: 2 | L33: =SUM(G33+I33+K33) -> 0
C34: 3 | L34: =SUM(G34+I34+K34) -> 0
C35: 4 | L35: =SUM(G35+I35+K35) -> 0
C36: 5 | L36: =SUM(G36+I36+K36) -> 0
C37: 6 | L37: =SUM(G37+I37+K37) -> 0
C38: 7 | L38: =SUM(G38+I38+K38) -> 0
C39: 8 | L39: =SUM(G39+I39+K39) -> 0
C40: 9 | L40: =SUM(G40+I40+K40) -> 0
C41: 10 | L41: =SUM(G41+I41+K41) -> 0
C42: 11 | L42: =SUM(G42+I42+K42) -> 0
C43: 12 | L43: =SUM(G43+I43+K43) -> 0
C44: SUBTOTAL EQUIPMENT / MATERIAL <1.500 Euro (excl. VAT) | G44: =SUM(G32:H43) -> 0 | I44: =SUM(I32:J43) -> 0 | K44: =SUM(K32:K43) -> 0 | L44: =SUM(L32:L43) -> 0
B47: Travel costs | C47: Item | D47: Description | G47: 1st year | I47: 2nd year | K47: 3rd year | L47: Sum
C48: 1 | L48: =SUM(G48+I48+K48) -> 0
C49: 2 | L49: =SUM(G49+I49+K49) -> 0
C50: 3 | L50: =SUM(G50+I50+K50) -> 0
C51: 4 | L51: =SUM(G51+I51+K51) -> 0
C52: 5 | L52: =SUM(G52+I52+K52) -> 0
C53: 6 | L53: =SUM(G53+I53+K53) -> 0
C54: 7 | L54: =SUM(G54+I54+K54) -> 0
C55: 8 | L55: =SUM(G55+I55+K55) -> 0
C56: SUBTOTAL TRAVEL COSTS | G56: =SUM(G48:H55) -> 0 | I56: =SUM(I48:J55) -> 0 | K56: =SUM(K48:K55) -> 0 | L56: =G56+I56+K56 -> 0
B59: Costs for renting premises an their operating cots | C59: Item | D59: Description | G59: 1st year | I59: 2nd year | K59: 3rd year | L59: Sum
C60: 1 | L60: =SUM(G60+I60+K60) -> 0
C61: 2 | L61: =SUM(G61+I61+K61) -> 0
C62: 3 | L62: =SUM(G62+I62+K62) -> 0
C63: SUBTOTAL COSTS FOR RENTING PREMISES | G63: =G60+G61+G62 -> 0 | I63: =I60+I61+I62 -> 0 | K63: =K60+K61+K62 -> 0 | L63: =G63+I63+K63 -> 0
B66: General costs | C66: Item | D66: Description | G66: 1st year | I66: 2nd year | K66: 3rd year | L66: Sum
B67: max. 10 % | C67: 1 | L67: =SUM(G67+I67+K67) -> 0
C68: 2 | L68: =SUM(G68+I68+K68) -> 0
C69: 3 | L69: =SUM(G69+I69+K69) -> 0
C70: SUBTOTAL GENERAL COSTS | G70: =G67+G68+G69 -> 0 | I70: =I67+I68+I69 -> 0 | K70: =K67+K68+K69 -> 0 | L70: =G70+I70+K70 -> 0
B73: External costs | C73: Item | D73: Description | G73: 1st year | I73: 2nd year | K73: 3rd year | L73: Sum
B74: max. 30 % | C74: 1 | L74: =SUM(G74+I74+K74) -> 0
C75: 2 | L75: =SUM(G75+I75+K75) -> 0
C76: 3 | L76: =SUM(G76+I76+K76) -> 0
C77: 4 | L77: =SUM(G77+I77+K77) -> 0
C78: 5 | L78: =SUM(G78+I78+K78) -> 0
C79: 6 | L79: =SUM(G79+I79+K79) -> 0
C80: 7 | L80: =SUM(G80+I80+K80) -> 0
C81: 8 | L81: =SUM(G81+I81+K81) -> 0
C82: SUBTOTAL EXTERNAL COSTS | G82: =SUM(G74:H81) -> 0 | I82: =SUM(I74:J81) -> 0 | K82: =SUM(K74:K81) -> 0 | L82: =G82+I82+K82 -> 0
G85: 1st year | I85: 2nd year | K85: 3rd year
G86: =G16+K28+G44+G56+G63+G70+G82 -> 0 | I86: =I16+L28+I44+I56+I63+I70+I82 -> 0 | K86: =K16+M28+K44+K56+K63+K70+K82 -> 0
F88: TOTAL | G88: =L16+N28+L44+L56+L63+L70+L82 -> 0

Sheet Partner C
A1: Name of research institution
B3: Human resources | C3: Item | D3: Name project collaborator | E3: Role in the project | F3: % | G3: 1st year | H3: % | I3: 2nd year | J3: % | K3: 3rd year | L3: Sum | M3: Funded by
B4: Please indicate all members of the research team. Team members who are paid directly by the research organisation, such as institute directors, are budgeted at 0.00 euros. | C4: 1 | L4: =SUM(G4+I4+K4) -> 0
C5: 2 | L5: =SUM(G5+I5+K5) -> 0
C6: 3 | L6: =SUM(G6+I6+K6) -> 0
C7: 4 | L7: =SUM(G7+I7+K7) -> 0
C8: 5 | L8: =SUM(G8+I8+K8) -> 0
C9: 6 | L9: =SUM(G9+I9+K9) -> 0
C10: 7 | L10: =SUM(G10+I10+K10) -> 0
C11: 8 | L11: =SUM(G11+I11+K11) -> 0
C12: 9 | L12: =SUM(G12+I12+K12) -> 0
C13: 10 | L13: =SUM(G13+I13+K13) -> 0
C14: 11 | L14: =SUM(G14+I14+K14) -> 0
C15: 12 | L15: =SUM(G15+I15+K15) -> 0
C16: SUBTOTAL HUMAN RESOURCES | G16: =SUM(G4:G15) -> 0 | I16: =SUM(I4:I15) -> 0 | K16: =SUM(K4:K15) -> 0 | L16: =SUM(L4:L15) -> 0
B19: Equipment | C19: Item | D19: Description | F19: Acquisition value (excl. VAT) | H19: Life cycle in months | I19: Months of utilization for the project | J19: Amortization/month | K19: 1st year | L19: 2nd year | M19: 3rd year | N19: Sum
B20: ≥ 1.500 Euro (excl. VAT) | C20: 1 | N20: =K20+L20+M20 -> 0
C21: 2 | N21: =K21+L21+M21 -> 0
C22: 3 | N22: =K22+L22+M22 -> 0
C23: 4 | N23: =K23+L23+M23 -> 0
C24: 5 | N24: =K24+L24+M24 -> 0
C25: 6 | N25: =K25+L25+M25 -> 0
C26: 7 | N26: =K26+L26+M26 -> 0
C27: 8 | N27: =K27+L27+M27 -> 0
C28: SUBTOTAL EQUIPMENT ≥ 1.500 Euro (excl. VAT) | K28: =SUM(K20:K27) -> 0 | L28: =SUM(L20:L27) -> 0 | M28: =SUM(M20:M27) -> 0 | N28: =SUM(N20:N27) -> 0
B31: Equipment / Material | C31: Item | D31: Description | G31: 1st year | I31: 2nd year | K31: 3rd year | L31: Sum
B32: < 1.500 Euro (excl. VAT) | C32: 1 | L32: =SUM(G32+I32+K32) -> 0
C33: 2 | L33: =SUM(G33+I33+K33) -> 0
C34: 3 | L34: =SUM(G34+I34+K34) -> 0
C35: 4 | L35: =SUM(G35+I35+K35) -> 0
C36: 5 | L36: =SUM(G36+I36+K36) -> 0
C37: 6 | L37: =SUM(G37+I37+K37) -> 0
C38: 7 | L38: =SUM(G38+I38+K38) -> 0
C39: 8 | L39: =SUM(G39+I39+K39) -> 0
C40: 9 | L40: =SUM(G40+I40+K40) -> 0
C41: 10 | L41: =SUM(G41+I41+K41) -> 0
C42: 11 | L42: =SUM(G42+I42+K42) -> 0
C43: 12 | L43: =SUM(G43+I43+K43) -> 0
C44: SUBTOTAL EQUIPMENT / MATERIAL <1.500 Euro (excl. VAT) | G44: =SUM(G32:H43) -> 0 | I44: =SUM(I32:J43) -> 0 | K44: =SUM(K32:K43) -> 0 | L44: =SUM(L32:L43) -> 0
B47: Travel costs | C47: Item | D47: Description | G47: 1st year | I47: 2nd year | K47: 3rd year | L47: Sum
C48: 1 | L48: =SUM(G48+I48+K48) -> 0
C49: 2 | L49: =SUM(G49+I49+K49) -> 0
C50: 3 | L50: =SUM(G50+I50+K50) -> 0
C51: 4 | L51: =SUM(G51+I51+K51) -> 0
C52: 5 | L52: =SUM(G52+I52+K52) -> 0
C53: 6 | L53: =SUM(G53+I53+K53) -> 0
C54: 7 | L54: =SUM(G54+I54+K54) -> 0
C55: 8 | L55: =SUM(G55+I55+K55) -> 0
C56: SUBTOTAL TRAVEL COSTS | G56: =SUM(G48:H55) -> 0 | I56: =SUM(I48:J55) -> 0 | K56: =SUM(K48:K55) -> 0 | L56: =G56+I56+K56 -> 0
B59: Costs for renting premises an their operating cots | C59: Item | D59: Description | G59: 1st year | I59: 2nd year | K59: 3rd year | L59: Sum
C60: 1 | L60: =SUM(G60+I60+K60) -> 0
C61: 2 | L61: =SUM(G61+I61+K61) -> 0
C62: 3 | L62: =SUM(G62+I62+K62) -> 0
C63: SUBTOTAL COSTS FOR RENTING PREMISES | G63: =G60+G61+G62 -> 0 | I63: =I60+I61+I62 -> 0 | K63: =K60+K61+K62 -> 0 | L63: =G63+I63+K63 -> 0
B66: General costs | C66: Item | D66: Description | G66: 1st year | I66: 2nd year | K66: 3rd year | L66: Sum
B67: max. 10 % | C67: 1 | L67: =SUM(G67+I67+K67) -> 0
C68: 2 | L68: =SUM(G68+I68+K68) -> 0
C69: 3 | L69: =SUM(G69+I69+K69) -> 0
C70: SUBTOTAL GENERAL COSTS | G70: =G67+G68+G69 -> 0 | I70: =I67+I68+I69 -> 0 | K70: =K67+K68+K69 -> 0 | L70: =G70+I70+K70 -> 0
B73: External costs | C73: Item | D73: Description | G73: 1st year | I73: 2nd year | K73: 3rd year | L73: Sum
B74: max. 30 % | C74: 1 | L74: =SUM(G74+I74+K74) -> 0
C75: 2 | L75: =SUM(G75+I75+K75) -> 0
C76: 3 | L76: =SUM(G76+I76+K76) -> 0
C77: 4 | L77: =SUM(G77+I77+K77) -> 0
C78: 5 | L78: =SUM(G78+I78+K78) -> 0
C79: 6 | L79: =SUM(G79+I79+K79) -> 0
C80: 7 | L80: =SUM(G80+I80+K80) -> 0
C81: 8 | L81: =SUM(G81+I81+K81) -> 0
C82: SUBTOTAL EXTERNAL COSTS | G82: =SUM(G74:H81) -> 0 | I82: =SUM(I74:J81) -> 0 | K82: =SUM(K74:K81) -> 0 | L82: =G82+I82+K82 -> 0
G85: 1st year | I85: 2nd year | K85: 3rd year
G86: =G16+K28+G44+G56+G63+G70+G82 -> 0 | I86: =I16+L28+I44+I56+I63+I70+I82 -> 0 | K86: =K16+M28+K44+K56+K63+K70+K82 -> 0
F88: TOTAL | G88: =L16+N28+L44+L56+L63+L70+L82 -> 0
